[Event "*** SCC Grand Prix: Titled Tuesday Blitz"]
[Site "Chess.com"]
[Date "2020.09.29"]
[Round "4"]
[White "Rakesh"]
[Black "bratkoo"]
[Result "1-0"]
[WhiteElo "2419"]
[BlackElo "2533"]
[TimeControl "180+1"]
[EndTime "10:38:01 PDT"]
[Termination "Rakesh won by checkmate"]

1. e4 g6 2. d4 Bg7 3. Nc3 d6 4. Be3 a6 5. f3 b5 6. Qd2 Nd7 7. a4 b4 8. Nd1 c5 9. c3 Ngf6 10. Bd3 Bb7 11. Ne2 Qc7 12. cxb4 cxb4 13. Qxb4 O-O 14. O-O Rfb8 15. Qd2 a5 16. Ndc3 Qb6 17. Nb5 Ba6 18. d5 Nc5 19. Rfc1 Nfd7 20. Ra3 Qb7 21. Ned4 Nxd3 22. Rxd3 Nc5 23. Ra3 Rc8 24. Qxa5 Qd7 25. Qd2 Nxa4 26. Rxc8+ Rxc8 27. Rxa4 Bxb5 28. Rb4 Ba6 29.
h4 e6 30. dxe6 fxe6 31. Rb6 Bc4 32. b3 Qc7 33. Qb4 Bxd4 34. Bxd4 Bd3 35. Qxd6 Qc1+ 36. Kh2 Re8 37. Qe5 Qh6 38. Qh8+ Kf7 39. Qf6+ Kg8 40. Qh8+ Kf7 41. Rb7+ Re7 42. Qf6+ Kg8 43. Rb8+ Re8 44. Rxe8+ Qf8 45. Rxf8# 1-0

[Event "*** SCC Grand Prix: Titled Tuesday Blitz"]
[Site "Chess.com"]
[Date "2020.09.29"]
[Round "4"]
[White "GHANDEEVAM2003"]
[Black "Angel_Hranitel_37"]
[Result "1-0"]
[WhiteElo "3018"]
[BlackElo "2549"]
[TimeControl "180+1"]
[EndTime "10:38:03 PDT"]
[Termination "GHANDEEVAM2003 won by resignation"]

1. g3 Nf6 2. Bg2 g6 3. d3 Bg7 4. Nd2 O-O 5. e4 d6 6. c3 e5 7. Qe2 Nc6 8. f3 a5 9. Nh3 Qe7 10. Nf2 Be6 11. a4 Rfd8 12. O-O d5 13. b3 Rd7 14.
Ba3 Qe8 15. Rfd1 Rad8 16. Nf1 dxe4 17. dxe4 Bxb3 18. Rxd7 Qxd7 19. Qb5 Qe6 20. Ne3 Bh6 21. Bh3 Qe8 22. Neg4 Nxg4 23. Nxg4 Bg7 24. Qxb3 Rd3 25.
Bg2 h5 26. Nf2 Rd2 27. Rd1 Qd7 28. Bc1 Rxd1+ 29. Qxd1 Qe6 30. Qd5 Qxd5 31. exd5 Ne7 32. f4 exf4 33. Bxf4 Bxc3 34. Bxc7 Kf8 35. d6 Nc6 36.
Bxc6 1-0

[Event "*** SCC Grand Prix: Titled Tuesday Blitz"]
[Site "Chess.com"]
[Date "2020.09.29"]
[Round "4"]
[White "ORS1984"]
[Black "Kislov_Oleg"]
[Result "1-0"]
[WhiteElo "2533"]
[BlackElo "2352"]
[TimeControl "180+1"]
[EndTime "10:38:04 PDT"]
[Termination "ORS1984 won on time"]

1. e4 c5 2. Nf3 Nc6 3. d4 cxd4 4. Nxd4 e5 5. Nb5 d6 6. c4 Be7 7. N1c3 a6 8. Na3 f5 9. exf5 Bxf5 10. Nc2 Nf6 11. Ne3 Be6 12. g3 O-O 13. Bg2 Rc8 14. O-O b5 15. cxb5 axb5 16. Ncd5 Nd4 17. Nxf6+ Bxf6 18.
Nd5 Rc5 19. Nxf6+ Qxf6 20. Be3 Bd5 21. Bxd4 exd4 22. Bxd5+ Rxd5 23. Qb3 Qf7 24. Rad1 g5 25. Rd3 1-0

[Event "*** SCC Grand Prix: Titled Tuesday Blitz"]
[Site "Chess.com"]
[Date "2020.09.29"]
[Round "4"]
[White "Chessmatus"]
[Black "MatyChess1"]
[Result "1-0"]
[WhiteElo "2335"]
[BlackElo "2498"]
[TimeControl "180+1"]
[EndTime "10:38:04 PDT"]
[Termination "Chessmatus won on time"]

1. e4 c5 2. Nf3 Nc6 3. Bb5 g6 4. Bxc6 dxc6 5. d3 Bg7 6. Nc3 e5 7. h3 Qe7 8. Be3 Nf6 9. Qd2 h6 10. O-O Nd7 11. Nh2 Nf8 12. f4 exf4 13. Bxf4 g5 14. Bg3 Be6 15. e5 Ng6 16. Rae1 O-O-O 17. Nf3 b6 18. Ne4 Kb7 19. Nd6+ Ka8 20. c4 g4 21. hxg4 Bxg4 22. Qe3 Be6 23. d4 cxd4 24. Nxd4 Qc7 25.
Nxe6 fxe6 26. Rf7 Rd7 27. Ref1 Rf8 28. Rxf8+ Bxf8 29. Qe4 Rg7 30. Bh4 Be7 31. Bf6 Rg8 32.
Bxe7 Nxe7 33. Rf7 Qd8 34. Qh7 1-0

[Event "*** SCC Grand Prix: Titled Tuesday Blitz"]
[Site "Chess.com"]
[Date "2020.09.29"]
[Round "4"]
[White "RasSanti"]
[Black "FloMaster111"]
[Result "1-0"]
[WhiteElo "2331"]
[BlackElo "2470"]
[TimeControl "180+1"]
[EndTime "10:38:05 PDT"]
[Termination "RasSanti won on time"]

1. d4 d5 2. c4 dxc4 3. Nc3 a6 4. a4 Nc6 5. Nf3 Nf6 6. e3 Na5 7. Ne5 e6 8. Nxc4 Nxc4 9. Bxc4 Be7 10. O-O O-O 11.
Qf3 c5 12. dxc5 Qc7 13. b4 a5 14. Nb5 Rb8 15. Nxc7 axb4 16. Bb2 Nd7 17. Rfd1 Bf6 18. Bxf6 Nxf6 19. Rab1 Bd7 20. Rxb4 Bc6 21. Qe2 Rbd8 22. Bb5 Bd5 23. Nxd5 Nxd5 24. Rb3 Rc8 25. Rc1 Rfd8 26. h3 Rc7 27. Rd3 Rdc8 28. c6 bxc6 29. Bc4 Nf6 30. g4 h6 31. h4 Nd7 32. Rcd1 Ne5 33. Rd8+ Kh7 34. Rxc8 Rxc8 35. Qc2+ g6 36. f4 Nxg4 37. Rd7 Kg8 38. Bxe6 1-0

[Event "*** SCC Grand Prix: Titled Tuesday Blitz"]
[Site "Chess.com"]
[Date "2020.09.29"]
[Round "4"]
[White "esrosenberg"]
[Black "Vamostodorecto"]
[Result "1-0"]
[WhiteElo "2219"]
[BlackElo "2385"]
[TimeControl "180+1"]
[EndTime "10:38:05 PDT"]
[Termination "esrosenberg won by resignation"]

1. Nf3 d5 2. c4 Nf6 3. cxd5 Nxd5 4. d4 g6 5. Nc3 Bg7 6. g3 Nc6 7. Bg2 Bf5 8. O-O Nxc3 9. bxc3 Be4 10. Qb3 b6 11. Ng5 Bxg2 12. Qxf7+ Kd7 13. Kxg2 Qg8 14. Qf3 h5 15. Nf7 Rf8 16. Qd5+ Kc8 17. Qe6+ Kb7 18. Ng5 h4 19. d5 Ne5 20. Bf4 Nc4 21. Qc6+ Ka6 22.
Qxc4+ b5 23. Qc6+ Ka5 24. Bxc7+ 1-0

[Event "*** SCC Grand Prix: Titled Tuesday Blitz"]
[Site "Chess.com"]
[Date "2020.09.29"]
[Round "4"]
[White "rududuyk"]
[Black "UmarovSabir"]
[Result "1-0"]
[WhiteElo "2160"]
[BlackElo "2361"]
[TimeControl "180+1"]
[EndTime "10:38:08 PDT"]
[Termination "rududuyk won on time"]

1. e4 g6 2. d4 Bg7 3. Nc3 c6 4. Nf3 d5 5. e5 Nh6 6. h3 f6 7. Bf4 g5 8. Nxg5 fxg5 9. Qh5+ Nf7 10. Bxg5 O-O 11. Bd3 Nxg5 12. Qxg5 Qe8 13. f4 e6 14. Qh4 h6 15. O-O-O b6 16. Qg4 Kh8 17. Bg6 Qe7 18. Rd3 Rg8 19. Rg3 Bf8 20. Qh5 Nd7 21. Rf1 c5 22. f5 exf5 23. Rxf5 Qe6 24. Nb5 cxd4 25. Nc7 1-0

[Event "*** SCC Grand Prix: Titled Tuesday Blitz"]
[Site "Chess.com"]
[Date "2020.09.29"]
[Round "4"]
[White "LiamVrolijk"]
[Black "djogrodek1"]
[Result "1-0"]
[WhiteElo "2833"]
[BlackElo "2534"]
[TimeControl "180+1"]
[EndTime "10:38:10 PDT"]
[Termination "LiamVrolijk won by resignation"]

1. d4 d5 2. c4 e6 3. Nf3 Nf6 4. Nc3 c6 5. Bg5 Nbd7 6. e3 Qa5 7.
Nd2 Bb4 8. Qc2 dxc4 9. Bxf6 Nxf6 10. Nxc4 Qc7 11. Be2 c5 12. O-O Bd7 13. a3 Bxc3 14.
Qxc3 O-O 15. Ne5 Rac8 16. Rac1 Nd5 17. Qxc5 Qxc5 18. Rxc5 Rxc5 19. dxc5 Ba4 20. Rc1 Rc8 21. Bf3 Kf8 22. Bxd5 exd5 23. Nf3 b6 24. b4 a5 25. Nd4 axb4 26. axb4 bxc5 27. bxc5 g6 28. f3 Ke8 29. Kf2 Rb8 30. Ra1 Rb2+ 31. Kg3 Rb4 32. Kf4 Ke7 33. Ke5 Bd7 34. Ra7 Rb2 35. c6 1-0

[Event "*** SCC Grand Prix: Titled Tuesday Blitz"]
[Site "Chess.com"]
[Date "2020.09.29"]
[Round "4"]
[White "krasavetc"]
[Black "Justinz"]
[Result "1-0"]
[WhiteElo "2316"]
[BlackElo "2429"]
[TimeControl "180+1"]
[EndTime "10:38:12 PDT"]
[Termination "krasavetc won by resignation"]

1. c4 e5 2. Nc3 Nc6 3. e3 Nf6 4. d4 Bb4 5. Nf3 d6 6. Bd2 O-O 7. Be2 Bg4 8. O-O Re8 9. a3 Bxc3 10. Bxc3 Qe7 11. Re1 Rad8 12. Qc2 exd4 13. exd4 Qd7 14.
d5 Ne5 15. Nxe5 dxe5 16. Bxg4 Qxg4 17. Bxe5 c6 18. d6 c5 19. Rad1 Re6 20. h3 Qh5 21.
Bg3 Rxe1+ 22. Rxe1 h6 23. Re5 Qg6 24. Qxg6 fxg6 25. Rxc5 Rd7 26. Rc7 Kf7 27. c5 Ke6 28. Rxd7 Nxd7 29. b4 Kd5 30. Kf1 Kc4 31. Bf4 Kb3 32.
Bc1 a5 33. Bd2 Ka4 34. bxa5 Kxa3 35. a6 1-0

[Event "*** SCC Grand Prix: Titled Tuesday Blitz"]
[Site "Chess.com"]
[Date "2020.09.29"]
[Round "4"]
[White "Chuchofrio1"]
[Black "Morshynska"]
[Result "1-0"]
[WhiteElo "2401"]
[BlackElo "2206"]
[TimeControl "180+1"]
[EndTime "10:38:12 PDT"]
[Termination "Chuchofrio1 won on time"]

1. d4 d5 2. c4 c6 3. cxd5 cxd5 4. Bf4 Nf6 5. Nc3 Nc6 6. e3 a6 7. Bd3 Bg4 8. Nge2 e6 9. O-O Bd6 10. f3 Bh5 11. Na4 O-O 12. Nc5 Rb8 13. Rc1 Ne7 14. Qb3 Bxf4 15. Nxf4 Bg6 16. Rc2 Bxd3 17. Nfxd3 Nf5 18.
Ne5 Qe7 19. Rfc1 h5 20. a4 h4 21. h3 g5 22. Qd3 Ng3 23. Kh2 Kg7 24. Qd2 Ngh5 25.
Ncd3 Qd6 26. Kg1 Nd7 27. Nxd7 Qxd7 28. e4 Nf4 29. Nxf4 gxf4 30. e5 f6 31. Qxf4 1-0

[Event "*** SCC Grand Prix: Titled Tuesday Blitz"]
[Site "Chess.com"]
[Date "2020.09.29"]
[Round "4"]
[White "tsvet2005"]
[Black "mjray79"]
[Result "1-0"]
[WhiteElo "2640"]
[BlackElo "2418"]
[TimeControl "180+1"]
[EndTime "10:38:13 PDT"]
[Termination "tsvet2005 won by checkmate"]

1. d4 Nf6 2. c4 g6 3. Nc3 Bg7 4.
e4 d6 5. Be2 O-O 6. Be3 e5 7. d5 a5 8. h4 h5 9. f3 Nh7 10. g4 f5 11. gxf5 gxf5 12. exf5 Bxf5 13. Bd3 e4 14. Bxe4 Bxe4 15. fxe4 Qe8 16. Qc2 Na6 17. O-O-O Nb4 18. Qg2 Kh8 19. Nh3 Nf6 20. Bd4 Ng4 21.
Bxg7+ Kxg7 22. Rhf1 Qe5 23. Qd2 Kg6 24. Ng5 Nh2 25.
Rg1 Ng4 26. Ne6 Rf7 27. Rdf1 Rf6 28. a3 Na6 29. Rxf6+ Qxf6 30. Nf4+ Kh7 31. Nxh5 Qxh4 32. Rxg4 Qxh5 33. Qg2 Qh6+ 34. Kb1 Rf8 35. Qg3 Rf1+ 36. Ka2 Rh1 37. Qf3 Nc5 38. Qf7+ Kh8 39. Qg8# 1-0

[Event "*** SCC Grand Prix: Titled Tuesday Blitz"]
[Site "Chess.com"]
[Date "2020.09.29"]
[Round "4"]
[White "XDPS"]
[Black "MashaFromRussia"]
[Result "1-0"]
[WhiteElo "2762"]
[BlackElo "2406"]
[TimeControl "180+1"]
[EndTime "10:38:16 PDT"]
[Termination "XDPS won by resignation"]

1. e4 c5 2. Nf3 Nc6 3. Bb5 d6 4.
O-O Bd7 5. Re1 Nf6 6. c3 a6 7.
Bf1 Bg4 8. h3 Bxf3 9. Qxf3 e6 10.
d3 Be7 11. Nd2 O-O 12. Qg3 Nh5 13. Qh2 d5 14. Nf3 d4 15. e5 g6 16. Bh6 Ng7 17.
c4 f6 18. exf6 Rxf6 19. Nd2 Bd6 20. Qh1 Qf8 21. Ne4 Rf7 22. Nxd6 Qxd6 23. Re2 Nf5 24. Bg5 Raf8 25. Qh2 Qxh2+ 26. Kxh2 e5 27. Kg1 Kg7 28. Bd2 Nd6 29. b3 Rf5 30. g4 Rf3 31. Rd1 Kg8 32.
Be1 e4 33. dxe4 Ne5 34. Bg2 R3f7 35. f4 d3 36. Re3 Rxf4 37. Bg3 Nf3+ 38. Rxf3 Rxf3 39.
Bxf3 Rxf3 40. Bxd6 Kf7 41. Kg2 Re3 42. Bxc5 Re2+ 43. Kf3 Rxa2 44. Rxd3 Rb2 45. Be3 1-0

[Event "*** SCC Grand Prix: Titled Tuesday Blitz"]
[Site "Chess.com"]
[Date "2020.09.29"]
[Round "4"]
[White "KingCrusher275"]
[Black "Oleksandr_Bortnyk"]
[Result "0-1"]
[WhiteElo "2548"]
[BlackElo "2897"]
[TimeControl "180+1"]
[EndTime "10:38:16 PDT"]
[Termination "Oleksandr_Bortnyk won by resignation"]

1. d4 Nf6 2. c4 b6 3. Nc3 Bb7 4.
e3 g6 5. Nf3 Bg7 6. Be2 O-O 7.
O-O e6 8. b3 d5 9. Bb2 Nbd7 10.
cxd5 exd5 11. Rc1 a6 12. Qd2 Re8 13. Rfd1 Qe7 14. Qc2 Rac8 15. Qb1 Bh6 16. h3 Nh5 17. Bf1 f5 18. Re1 Qd6 19. Rcd1 b5 20. Ne2 b4 21. Nc1 a5 22. Nd3 Ba6 23. Nde5 Bxf1 24. Rxf1 c6 25.
Nxd7 Qxd7 26. Ne5 Qb7 27. Rc1 Bf8 28. Rc2 Nf6 29. Rfc1 Re6 30. Re2 Nd7 31. Qd3 Nxe5 32. dxe5 c5 33. f4 a4 34. Rd2 a3 35. Ba1 Rd8 36.
Rdc2 Be7 37. Kh2 Qa6 38. Qxa6 Rxa6 39. Rd2 Kf7 40. Rcd1 Ke6 41. g4 Raa8 42. Kg3 Rac8 43.
Kf3 c4 44. bxc4 dxc4 45. Rxd8 Rxd8 46. Rxd8 Bxd8 47. e4 b3 48. gxf5+ gxf5 49. exf5+ Kxf5 50. axb3 cxb3 0-1

[Event "*** SCC Grand Prix: Titled Tuesday Blitz"]
[Site "Chess.com"]
[Date "2020.09.29"]
[Round "4"]
[White "Fh2411"]
[Black "Aleksey_Sorokin"]
[Result "0-1"]
[WhiteElo "2529"]
[BlackElo "2815"]
[TimeControl "180+1"]
[EndTime "10:38:16 PDT"]
[Termination "Aleksey_Sorokin won by resignation"]

1. d4 Nf6 2. Nf3 g6 3. g3 Bg7 4.
Bg2 d5 5. O-O O-O 6. c3 Nc6 7.
Bf4 b6 8. Nbd2 Bb7 9. Ne5 Nxe5 10. Bxe5 Bh6 11. Bxf6 exf6 12. e3 Re8 13. c4 f5 14.
Re1 Rb8 15. Rc1 c5 16. dxc5 bxc5 17. cxd5 Bxd5 18. Bxd5 Qxd5 19. Nc4 Qa8 20. Qe2 f4 21. Nd6 Re6 22. Red1 fxe3 23. f4 Bg7 24. b3 Bd4 25. Nc4 a5 26. Rd3 a4 27. h4 axb3 28. axb3 Qe4 29.
Kh2 h6 30. Re1 g5 31. fxg5 hxg5 32. h5 Rbe8 33. Kh3 f5 34. Rf1 Kh7 35. Rdd1 Kh6 36. Rde1 Kg7 37. Kh2 Rh8 38. g4 fxg4 39. Kg3 Rxh5 40.
Qxg4 Be5+ 41. Nxe5 Qxe5+ 42. Kf3 Rf6+ 43. Ke2 Rh2+ 44.
Kd3 Rd6+ 45. Kc4 Rd4+ 0-1

[Event "*** SCC Grand Prix: Titled Tuesday Blitz"]
[Site "Chess.com"]
[Date "2020.09.29"]
[Round "4"]
[White "Bigfish1995"]
[Black "TC2304"]
[Result "1-0"]
[WhiteElo "3101"]
[BlackElo "2317"]
[TimeControl "180+1"]
[EndTime "10:38:17 PDT"]
[Termination "Bigfish1995 won by checkmate"]

1. d4 Nf6 2. Bg5 Ne4 3. h4 h6 4.
Bf4 c5 5. f3 Qa5+ 6. c3 Nf6 7.
d5 Qb6 8. Bc1 e6 9. e4 exd5 10.
exd5 Bd6 11. Bc4 Bg3+ 12. Kf1 O-O 13. Ne2 Bc7 14. g4 d6 15. Nf4 Nbd7 16. g5 hxg5 17. hxg5 Ne8 18. Qc2 f5 19. g6 Rf6 20. Qh2 Kf8 21.
Ne6+ Ke7 22. Bg5 Ne5 23. Na3 Bxe6 24. dxe6 d5 25. Bxd5 Nxf3 26. Bxf6+ Nxf6 27. Qe2 Nxd5 28. Qxf3 Qxb2 29. Rb1 Qd2 30. Nc4 Qf4 31. Qxf4 Bxf4 32. Rxb7+ Kxe6 33. Rxg7 Rb8 34. Ke2 Re8 35. Kf3 Kf6 36.
Rd7 Nxc3 37. Kxf4 Re4+ 38. Kf3 Rxc4 39. Rg1 Rg4 40. Rd6+ Kg7 41. Rxg4 fxg4+ 42. Kxg4 Nxa2 43. Kf5 c4 44. Rd7+ Kf8 45. Kf6 Ke8 46. Re7+ Kd8 47. g7 Nb4 48. g8=Q# 1-0

[Event "*** SCC Grand Prix: Titled Tuesday Blitz"]
[Site "Chess.com"]
[Date "2020.09.29"]
[Round "4"]
[White "jefferyx"]
[Black "biostatistician"]
[Result "1-0"]
[WhiteElo "2944"]
[BlackElo "2569"]
[TimeControl "180+1"]
[EndTime "10:38:18 PDT"]
[Termination "jefferyx won on time"]

1. e4 e6 2. d4 d5 3. exd5 exd5 4. Nf3 Nf6 5. Bd3 Bg4 6. O-O Be7 7. Re1 O-O 8. Bg5 Nbd7 9. Nbd2 Re8 10. c3 Bh5 11. Qb3 Nb6 12. a4 a5 13. Ne5 Bg6 14. Bb5 c6 15.
Bxc6 bxc6 16. Nxc6 Qc7 17. Nxe7+ Rxe7 18. Rxe7 Qxe7 19. Qxb6 Qe2 20. h3 h6 21. Bxf6 Qxd2 22. Be5 Be4 23. Bg3 h5 24. Qc6 Rd8 25. Qb6 Re8 26. Qb5 Re6 27. Qxa5 Qxb2 28. Re1 Rg6 29.
Re3 Qc1+ 30. Kh2 Kh7 31. Qd8 f6 32. h4 Qf1 33. f3 Qc1 34. Re2 Qd1 35. Rf2 1-0

[Event "*** SCC Grand Prix: Titled Tuesday Blitz"]
[Site "Chess.com"]
[Date "2020.09.29"]
[Round "4"]
[White "ErikRonka"]
[Black "Arjun2002"]
[Result "0-1"]
[WhiteElo "2476"]
[BlackElo "2688"]
[TimeControl "180+1"]
[EndTime "10:38:21 PDT"]
[Termination "Arjun2002 won by resignation"]

1. e4 c5 2. Nf3 Nc6 3. d4 cxd4 4.
Nxd4 Nf6 5. Nc3 h5 6. f3 e5 7.
Ndb5 d6 8. Bg5 a6 9. Na3 Be6 10.
Nd5 Bxd5 11. Bxf6 gxf6 12. Qxd5 Rc8 13. c3 Qc7 14. Nc4 b5 15. Ne3 Ne7 16. Qd3 Bh6 17.
Rd1 O-O 18. Nd5 Nxd5 19. Qxd5 Rfd8 20. Be2 Qb6 21. Qd3 Rc5 22. Kf1 a5 23. g3 b4 24.
Kg2 bxc3 25. bxc3 d5 26. exd5 Rcxd5 27. Qf5 Qb2 28. Rxd5 Qxe2+ 29. Kh3 Rxd5 30. Rb1 Rd8 31. Rb7 Qc4 32. Qxh5 Qc8+ 33. g4 Qxb7 34. Qxh6 Qxf3+ 35. Kh4 Qf2+ 36. Kh3 Rd3+ 0-1

[Event "*** SCC Grand Prix: Titled Tuesday Blitz"]
[Site "Chess.com"]
[Date "2020.09.29"]
[Round "4"]
[White "MPGM"]
[Black "BJthechessgod"]
[Result "0-1"]
[WhiteElo "2424"]
[BlackElo "2309"]
[TimeControl "180+1"]
[EndTime "10:38:21 PDT"]
[Termination "BJthechessgod won by resignation"]

1. e4 c5 2. Nf3 e6 3. d4 cxd4 4. Nxd4 Nc6 5. Nb5 Nf6 6. N1c3 d6 7. Bf4 e5 8. Bg5 Be7 9. Bxf6 gxf6 10. Nd5 a6 11. Nbc3 Be6 12. Be2 Nd4 13. O-O Rc8 14. Bg4 Rg8 15. Bxe6 fxe6 16. Qh5+ Kd7 17. Qxh7 exd5 18.
Nxd5 Rh8 19. Qxe7+ Qxe7 20. Nxe7 Kxe7 21. Rfc1 Ne2+ 22.
Kh1 Nxc1 23. Rxc1 Rh4 24. f3 Rch8 25. h3 f5 26. exf5 Rf4 27. c3 Rxf5 28. Kg1 Rh4 29. Kf2 e4 30. Re1 Re5 31. g3 Rxh3 32. Kg2 exf3+ 33. Kxh3 Rxe1 0-1

[Event "*** SCC Grand Prix: Titled Tuesday Blitz"]
[Site "Chess.com"]
[Date "2020.09.29"]
[Round "4"]
[White "tdf98pantani"]
[Black "Alindsay211"]
[Result "1-0"]
[WhiteElo "2627"]
[BlackElo "2396"]
[TimeControl "180+1"]
[EndTime "10:38:22 PDT"]
[Termination "tdf98pantani won by resignation"]

1. e4 c5 2. Nf3 Nc6 3. Bb5 Nd4 4. Nxd4 cxd4 5. O-O a6 6. Bc4 e6 7. d3 d6 8. Bb3 Nf6 9. f4 Be7 10. Nd2 O-O 11. Nf3 b5 12. Qe1 a5 13. a4 b4 14.
Nxd4 d5 15. e5 Nd7 16. Be3 Bc5 17. Nf3 Qb6 18. d4 Be7 19. Rb1 Ba6 20. Rf2 f5 21.
exf6 Nxf6 22. Ne5 Qb7 23. Rf3 Rac8 24. Bf2 Bd6 25. h3 Ne4 26. Be3 Bxe5 27. dxe5 Bc4 28. Bxc4 Rxc4 29. Rc1 Rfc8 30. Qe2 b3 31. c3 d4 32. Bd2 dxc3 33. Bxc3 Nxc3 34. Rfxc3 Rxc3 35. bxc3 Qd5 36. Kh2 Rc4 37. Rd1 Qc6 38. Rd8+ Kf7 39.
Qh5+ Ke7 40. Qh4+ Kf7 41. Qxh7 Rxf4 42. Qh5+ Ke7 43. Qg5+ 1-0

[Event "*** SCC Grand Prix: Titled Tuesday Blitz"]
[Site "Chess.com"]
[Date "2020.09.29"]
[Round "4"]
[White "carlsen1001"]
[Black "checkmatequen"]
[Result "1-0"]
[WhiteElo "2441"]
[BlackElo "2288"]
[TimeControl "180+1"]
[EndTime "10:38:24 PDT"]
[Termination "carlsen1001 won on time"]

1. e4 c5 2. Nf3 e6 3. d4 cxd4 4. Nxd4 a6 5. Bd3 Nf6 6. O-O Qc7 7. c4 Nc6 8. Be3 Ne5 9. Nc3 Neg4 10. g3 Nxe3 11.
fxe3 h5 12. Nf3 Ng4 13. Qe2 Nxe3 14. Qxe3 Bc5 15. Nd4 e5 16. Nce2 exd4 17. Qf3 d6 18. Nf4 Bg4 19. Qf2 O-O-O 20. Nd5 Qa5 21. a3 Qa4 22. b4 Qb3 23. Qd2 Ba7 24. Rxf7 Rhf8 25.
Raf1 Rxf7 26. Rxf7 Be6 27. Rc7+ Kb8 28. Qg5 Rf8 29.
Rxb7+ Kxb7 30. Qe7+ Ka8 31. Qxf8+ Kb7 32. Qe7+ Kb8 33.
Qxd6+ Kb7 34. Nf4 Qd1+ 35. Bf1 d3+ 36. c5 d2 37. Nxe6 Qc2 38. Qd7+ 1-0

[Event "*** SCC Grand Prix: Titled Tuesday Blitz"]
[Site "Chess.com"]
[Date "2020.09.29"]
[Round "4"]
[White "anon569"]
[Black "Oligan22"]
[Result "1/2-1/2"]
[WhiteElo "2246"]
[BlackElo "2403"]
[TimeControl "180+1"]
[EndTime "10:38:24 PDT"]
[Termination "Game drawn by repetition"]

1. e4 c6 2. d4 d5 3. Nd2 dxe4 4. Nxe4 Nf6 5. Ng3 h5 6. Nf3 h4 7. Ne2 h3 8. g3 Bg4 9. Ne5 Qd5 10. Rg1 Nbd7 11. Nxg4 Nxg4 12. Nf4 Qe4+ 13. Qe2 Ndf6 14. Bxh3 Qxe2+ 15. Kxe2 Nxh2 16. Rh1 Nhg4 17. Bd2 e6 18. f3 Nh6 19. g4 Nd5 20. g5 Nxf4+ 21. Bxf4 Nf5 22. Bxf5 Rxh1 23. Rxh1 exf5 24. Rh8 O-O-O 25.
c3 Kd7 26. Kd3 Ke6 27. Rh1 Be7 28. Re1+ Kd7 29. Rh1 Ke6 30. Re1+ Kd7 31. Rh1 Ke6 1/2-1/2

[Event "*** SCC Grand Prix: Titled Tuesday Blitz"]
[Site "Chess.com"]
[Date "2020.09.29"]
[Round "4"]
[White "PattyCastillo"]
[Black "MarceloPlaya"]
[Result "0-1"]
[WhiteElo "1992"]
[BlackElo "2290"]
[TimeControl "180+1"]
[EndTime "10:38:25 PDT"]
[Termination "MarceloPlaya won by checkmate"]

1. d4 e6 2. Nf3 Nf6 3. e3 d5 4.
Bd3 c5 5. b3 Nc6 6. Bb2 Be7 7.
O-O b6 8. Nbd2 O-O 9. Ne5 Bb7 10. f4 Nd7 11. a3 f5 12. Qe2 Nf6 13. c4 Ne4 14. cxd5 exd5 15. Rac1 Nxe5 16. fxe5 Rc8 17. Nf3 Qd7 18. Rfd1 Qe6 19. Rc2 g5 20. Rdc1 g4 21.
Nd2 cxd4 22. exd4 Bg5 23. Bxe4 fxe4 24. Rxc8 Rxc8 25. Rxc8+ Qxc8 26. Nf1 Qf5 27. Ne3 Qf4 28. Nxg4 h5 29. Nf6+ Bxf6 30. exf6 e3 31. Bc1 Ba6 32.
Qxe3 Qf1# 0-1

[Event "*** SCC Grand Prix: Titled Tuesday Blitz"]
[Site "Chess.com"]
[Date "2020.09.29"]
[Round "4"]
[White "Djager97"]
[Black "belisarius64"]
[Result "0-1"]
[WhiteElo "2479"]
[BlackElo "2690"]
[TimeControl "180+1"]
[EndTime "10:38:26 PDT"]
[Termination "belisarius64 won by resignation"]

1. e4 c5 2. Nf3 d6 3. d4 cxd4 4. Nxd4 Nf6 5. Nc3 a6 6. Bg5 e6 7.
f4 Qb6 8. a3 Nc6 9. Nb3 Be7 10. Qf3 Qc7 11. O-O-O h6 12. Bh4 Rb8 13. g4 b5 14. g5 hxg5 15. Bxg5 b4 16. axb4 Rxb4 17.
h4 Na5 18. Nd4 Bb7 19. h5 Qb6 20. Qd3 Rxb2 21. Bh3 Rxh5 22. Bxf6 Bxf6 23. Bg4 Rxh1 24. Rxh1 Bxd4 25. Rh8+ Kd7 26. f5 Bxc3 27. fxe6+ fxe6 28. Bxe6+ Kxe6 29. Qh3+ Ke7 30. Qh4+ Bf6 0-1

[Event "*** SCC Grand Prix: Titled Tuesday Blitz"]
[Site "Chess.com"]
[Date "2020.09.29"]
[Round "4"]
[White "dominikaf"]
[Black "crazy_but_lazy"]
[Result "0-1"]
[WhiteElo "2312"]
[BlackElo "2536"]
[TimeControl "180+1"]
[EndTime "10:38:26 PDT"]
[Termination "crazy_but_lazy won by resignation"]

1. d4 d5 2. Bf4 c6 3. e3 Qb6 4. Qc1 Nf6 5. c4 Bf5 6. Nc3 e6 7. Nf3 Bb4 8. Be2 Ne4 9. O-O Nd7 10. c5 Qd8 11. a3 Ba5 12. b4 Bc7 13. Nxe4 Bxe4 14.
Qc3 O-O 15. Nd2 Bg6 16. Bd3 Bxd3 17. Qxd3 e5 18. Bg3 e4 19. Qe2 Bxg3 20. hxg3 Qg5 21. f3 exf3 22. Qxf3 Rae8 23. Rae1 Nf6 24. Qf4 Qg6 25. Rf3 Re6 26. Qf5 Qxf5 27. Rxf5 Rfe8 28. Rf3 Ng4 29. e4 dxe4 30. Rf4 Nf6 31. g4 h6 32. Kf2 g5 33. Rf5 Nxg4+ 34. Kg3 Nf6 35. Nf1 Nh5+ 36. Kh2 Ng7 37. Rf2 f5 38. g3 e3 39. Rfe2 f4 40. gxf4 gxf4 41. Kg2 Rg6+ 42.
Kf3 Ne6 43. Rg2 Nxd4+ 0-1

[Event "*** SCC Grand Prix: Titled Tuesday Blitz"]
[Site "Chess.com"]
[Date "2020.09.29"]
[Round "4"]
[White "IvanSoriano1"]
[Black "PawnEatingZombie"]
[Result "1-0"]
[WhiteElo "2493"]
[BlackElo "2225"]
[TimeControl "180+1"]
[EndTime "10:38:27 PDT"]
[Termination "IvanSoriano1 won on time"]

1. Nf3 d5 2. c4 e6 3. b3 Nf6 4. Bb2 Bd6 5. g3 b6 6. Bg2 Bb7 7. O-O Nbd7 8. d3 O-O 9. Nbd2 c5 10. cxd5 exd5 11. d4 Qe7 12. Re1 Rfe8 13. Rc1 Rac8 14. Nh4 g6 15. Nhf3 a5 16. Bh3 Rcd8 17. Nf1 Ne4 18.
Ne3 Nxf2 19. Kxf2 Qxe3+ 20. Kg2 Nf8 21. Rc3 Qe7 22. Kf2 Ne6 23. Re3 Qf8 24. Qd3 Qh6 25.
Kg2 Ng5 26. Rxe8+ Rxe8 27. Nxg5 Qxg5 28. Qc3 Qe3 29. Qxe3 Rxe3 30. Kf2 Re8 31. Bg2 Re7 32. Bf3 c4 33. Rc1 b5 34. Bc3 b4 35. Bd2 c3 36.
Bg5 Re8 37. Be3 Bf8 38. Ra1 f5 39. a3 Kf7 40. axb4 Bxb4 41. Bc1 Ke6 42. Ba3 Rc8 43. Bc1 Ba6 44. Ke3 Bb5 45. h4 Kd6 46. Kf2 Re8 47. Bf4+ Kc6 48. Rc1 a4 49. bxa4 Bxa4 50. Bd2 Kb5 51.
Bxc3 Rc8 52. Bb2 Rxc1 53. Bxc1 Kc4 54. Be3 Bc3 55. Kg2 Bxd4 56. Bf4 Bc3 57. h5 d4 58. h6 d3 59. exd3+ Kxd3 60. Bd5 Bc2 61. Bg8 Ke2 62. Bxh7 1-0

[Event "*** SCC Grand Prix: Titled Tuesday Blitz"]
[Site "Chess.com"]
[Date "2020.09.29"]
[Round "4"]
[White "Xtrmntr78"]
[Black "Oscar-Luna"]
[Result "1-0"]
[WhiteElo "2576"]
[BlackElo "2157"]
[TimeControl "180+1"]
[EndTime "10:38:28 PDT"]
[Termination "Xtrmntr78 won on time"]

1. c4 e5 2. Nc3 c5 3. Nf3 Nc6 4. g3 g6 5. Bg2 Bg7 6. O-O Nge7 7. a3 a6 8. Rb1 Rb8 9. b4 cxb4 10. axb4 b5 11.
c5 d6 12. Ne4 dxc5 13. Nxc5 O-O 14. d3 Qc7 15. Bd2 h6 16. Qb3 Nf5 17. e3 Qb6 18. Rfc1 Kh7 19. Qa3 Rd8 20. Qa2 Nd6 21. h3 f5 22. Ne6 Rg8 23. Qd5 Bxe6 24. Qxe6 Rbd8 25. Nh4 g5 26. Rxc6 Qb8 27. Qg6+ Kh8 28. Nxf5 e4 29. Nxh6 1-0

[Event "*** SCC Grand Prix: Titled Tuesday Blitz"]
[Site "Chess.com"]
[Date "2020.09.29"]
[Round "4"]
[White "Rodalquilar"]
[Black "ljuks68"]
[Result "1-0"]
[WhiteElo "2779"]
[BlackElo "2359"]
[TimeControl "180+1"]
[EndTime "10:38:28 PDT"]
[Termination "Rodalquilar won by resignation"]

1. d4 d5 2. Bf4 Nf6 3. e3 c5 4. Nf3 Nc6 5. Nbd2 Bf5 6. dxc5 e6 7. Nd4 Bg6 8. Bb5 Rc8 9. Nxc6 bxc6 10. Ba6 Bxc5 11.
Bxc8 Qxc8 12. O-O O-O 13. a3 Re8 14. b4 Bb6 15. Be5 Nd7 16. Bb2 e5 17. Re1 e4 18.
c4 f5 19. Rc1 Qb8 20. Nf1 Bf7 21. Ng3 Be6 22. Nh5 Ne5 23. cxd5 cxd5 24. Nf4 Bf7 25. Bd4 g5 26. Nxd5 Bxd5 27. Bxb6 Nd3 28. Bd4 Bf7 29. Qa4 Nxe1 30. Rxe1 Rc8 31. Qd7 f4 32.
Qf5 Qd6 33. Qxc8+ 1-0